 Dungeon Crawl Stone Soup version 0.31-a0-654-gbe3e110b4e (webtiles) character file.

Game seed: 14415752511257345535

79 bjtr the Cudgeller (level 4, -3/18 (27) HPs)
             Began as a Gargoyle Reaver on Aug 30, 2023.
             Slain by a gnoll
             ... wielding a +0 spear
              (8 damage)
             ... on level 2 of the Dungeon.
             The game lasted 00:05:27 (1182 turns).

bjtr the Cudgeller (Gargoyle Reaver)                Turns: 1182, Time: 00:05:27

HP:   -3/18 (27)    AC:  6    Str: 16    XL:     4   Next: 37%
MP:   7/7           EV: 11    Int: 15    God:
Gold: 69            SH:  0    Dex:  8    Spells: 6/7 levels left

rFire   . . .        a - +0 mace
rCold   . . .        (no shield)
rNeg    + . .        b - +0 leather armour
rPois   ∞            (no helmet)
rElec   +            (no cloak)
rCorr   .            (no gloves)
SInv    .            (no boots)
Will    .....        (no amulet)
Stlth   +            (no ring)
HPRegen 0.23/turn    (no ring)
MPRegen 0.10/turn

%: no passive effects
@: very heavily drained
A: sickness immunity, AC +3, negative energy resistance 1, electricity
resistance, torment resistance 1, petrification resistance
a: no special abilities


You were on level 2 of the Dungeon.
You visited 1 branch of the dungeon, and saw 2 of its levels.

You collected 69 gold pieces.

Inventory:

Hand Weapons
 a - a +0 mace (weapon)
 i - a +0 sling
Missiles
 d - 2 darts of dispersal
 g - 13 poisoned darts
Armour
 b - a +0 leather armour (worn)
 l - the +1 leather armour of the Moon {rF+ rCorr Dex+8 Slay-3}
   (You found it on level 2 of the Dungeon)

   Dex+8:     It affects your dexterity (+8).
   Slay-3:    It affects your accuracy & damage with ranged weapons and melee
   (-3).
   rF+:       It protects you from fire.
   rCorr:     It protects you from acid and corrosion.
Magical Staves
 k - a staff of conjuration
Scrolls
 c - 2 scrolls of identify {unknown}
 e - a scroll of blinking {unknown}
 h - a scroll of noise {unknown}
 j - a scroll of vulnerability {unknown}
Potions
 f - a potion of ambrosia


   Skills:
 + Level 2.4 Fighting
 + Level 3.9 Maces & Flails
 + Level 1.4 Armour
 + Level 2.1 Dodging
 + Level 2.0 Spellcasting
 + Level 3.6 Conjurations


You had 6 spell levels left.
You knew the following spells:

 Your Spells              Type           Power      Damage    Failure   Level
a - Kiss of Death         Conj/Necr      24%        2d7       13%         1

Your spell library contained the following spells:

 Spells                   Type           Power      Damage    Failure   Level
 Momentum Strike          Conj/Tloc      12%        3d8       21%         2
 Freeze                   Ice            4%         1d3       26%         1
 Hailstorm                Conj/Ice       6%         3d4       36%         3
 Frozen Ramparts          Ice            2%         1d1       63%         3


Dungeon Overview and Level Annotations

Branches:
Dungeon (2/15)

Altars:


Innate Abilities, Weirdness & Mutations

You are immune to sickness and miasma.
Your stone body is resilient. (AC +3)
You are immune to poison.
You resist negative energy. (rN+)
You are resistant to electric shocks. (rElec)
You are resistant to unholy torment.
You are immune to petrification.


Message History

There is an open door here.
A goblin comes into view. It is wielding a +0 club.
The goblin shouts!
A dart slug comes into view.
The goblin barely misses you. The goblin barely misses you.
The goblin attacks as it pursues you! The goblin hits you but does no damage.
The goblin hits you but does no damage. The goblin attacks as it pursues you!
The goblin hits you but does no damage.
The endoplasm attacks as it pursues you!
The endoplasm closely misses you.
Found 2 stones.
You sock the endoplasm!
You kill the endoplasm!
You sock the goblin!
You kill the goblin!
The dart slug briefly extends its eye-stalks.
You hit the hobgoblin.
You kill the hobgoblin!
You hit the endoplasm.
You kill the endoplasm!
The gnoll hits you with a +0 spear!
You hit the gnoll.
The gnoll is lightly wounded.
The gnoll closely misses you.
You barely miss the gnoll.
The gnoll is lightly wounded.
The gnoll barely misses you.
You hit the gnoll.
The gnoll is moderately wounded.
The gnoll hits you with a +0 spear. x2
You barely miss the gnoll.
The gnoll is moderately wounded.
The gnoll hits you with a +0 spear.
* * * LOW HITPOINT WARNING * * *
Found 2 gold pieces.
The gnoll closely misses you. The gnoll attacks as it pursues you!
The gnoll hits you but does no damage. The gnoll attacks as it pursues you!
The gnoll hits you from afar with a +0 spear!
You die...

#..........####...##...#
...
..................##+#...
....######..............##
.........#w.............#
.........#$g.....#......
..........######........
.........w######........
........................
...........w..g.@...#..
................$...'...
....................####
..........##.(......#
.....##############+#
........##....###..
.......................
........................
.................(......


You could see a gnoll and 2 dart slugs.

Vanquished Creatures
  A gnoll (D:2)
  3 adders (D:2)
  A dart slug (D:1)
  5 endoplasms
  7 goblins
  5 hobgoblins
  5 kobolds
  7 ball pythons
  2 bats (D:2)
  2 frilled lizards (D:1)
  2 rats (D:1)
40 creatures vanquished.

Notes
Turn   | Place    | Note
-------+----------+-------------------------------------------
     0 | D:1      | bjtr the Gargoyle Reaver began the quest for the Orb.
     0 | D:1      | Reached XP level 1. HP: 12/12 MP: 3/3
    66 | D:1      | Found a faded altar of an unknown god.
   140 | D:1      | Reached XP level 2. HP: 15/17 MP: 5/5
   737 | D:2      | Reached XP level 3. HP: 15/21 MP: 6/6
   945 | D:2      | Reached XP level 4. HP: 14/27 MP: 7/7
  1104 | D:2      | Identified the +1 leather armour of the Moon {rF+ rCorr
                  | Dex+8 Slay-3}
  1112 | D:2      | Reached skill level 1 in Armour
  1182 | D:2      | Slain by a gnoll

Illustrated notes

Levels and vault maps discovered:
D:1:      dpeg_arrival_rooms_c, layout_basic, shapermc_ecumenical_altar_pompeii,
          minivault_14
D:2:      minmay_wonky_spiral, layout_basic

Skill      XL: |  1  2  3  4 |
---------------+-------------+-----
Dodging        | 2 |  2.1
Armour         | 1 |  1.4
Fighting       | |  2.4
Maces & Flails | |  3.9
Spellcasting   | |  2.0
Conjurations   | |  3.6

Action                     |  1- 3 |  4- 6 || total
---------------------------+-------+-------++-------
  Melee: Mace              |   110 |    34 ||   144
         Punch             |     3 |       ||     3
   Cast: Kiss of Death     |       |     2 ||     2
    Use: Potion            |       |     1 ||     1
 Armour: Leather armour    |    43 |    24 ||    67
  Dodge: Dodged            |    70 |    50 ||   120

Table legend: (Time is in decaauts)
 A = Elapsed time spent in this place.
 B = Non-inter-level travel time spent in this place.
 C = Inter-level travel time spent in this place.
 D = Time resting spent in this place.
 E = Time spent auto-exploring this place.
 F = Levels seen in this place.
 G = Mean time per level.
                   A        B        C        D        E       F      G
               +--------+--------+--------+--------+--------+-----+--------+
         Total |   1214 |   1163 |     51 |      5 |    705 |   2 |  607.0 |
       Dungeon |   1214 |   1163 |     51 |      5 |    705 |   2 |  607.0 |
               +--------+--------+--------+--------+--------+-----+--------+

Top non-repeatable levels by time:
     D:1: 663 daAuts
     D:2: 551 daAuts
